 Dungeon Crawl Stone Soup version 0.18.1-8-gdd0e5ea (webtiles) character file.

951 l0ser140 the Skirmisher (level 8, -13/65 HPs)
             Began as a Human Fighter on May 28, 2016.
             Splashed by Edmund's acid (15 damage)
             ... on level 4 of the Dungeon on May 29, 2016.
             The game lasted 00:28:28 (5226 turns).

l0ser140 the Skirmisher (Human Fighter)             Turns: 5226, Time: 00:28:28

Health: -13/65     AC: 10    Str: 18    XL:     8   Next: 36%
Magic:  8/8        EV:  7    Int: 12    God:
Gold:   195        SH:  9    Dex: 13    Spells: 0 memorised, 7 levels left

rFire  . . .     SeeInvis .     a - +0 long sword
rCold  . . .     Gourm    .     m - +2 scale mail {rN+}
rNeg   + . .     Faith    .     c - +0 shield
rPois  +         Spirit   .     n - +0 helmet
rElec  .         Dismiss  .     l - +2 cloak {rPois}
rCorr  .         Reflect  .     (no gloves)
SustAt .         Harm     .     (no boots)
MR     +....                    (no amulet)
Stlth  ..........               b - +3 ring of intelligence
                                i - ring of protection from magic

@: corroded, somewhat resistant to hostile enchantments, extremely unstealthy
A: no striking features
a: no special abilities


You were on level 4 of the Dungeon.
You were not hungry.

You visited 1 branch of the dungeon, and saw 4 of its levels.

You collected 195 gold pieces.

Inventory:

Hand Weapons
 a - a +0 long sword (weapon)
Missiles
 p - 77 stones (quivered)
 x - 2 tomahawks of returning
Armour
 c - a +0 shield (worn)
 l - a +2 cloak of poison resistance (worn)
   (You took it off Crazy Yiuf on level 3 of the Dungeon)
 m - a +2 scale mail of positive energy (worn)
   (You took it off Terence on level 2 of the Dungeon)
 n - a +0 helmet (worn)
Jewellery
 b - a +3 ring of intelligence (right hand)
   (You found it on level 3 of the Dungeon)
 i - a ring of protection from magic (left hand)
   (You found it on level 4 of the Dungeon)
Wands
 o - a wand of random effects (25/48)
Scrolls
 d - a scroll of identify {@r1}
 e - 3 scrolls of magic mapping
 h - 2 scrolls of remove curse {unknown}
 k - a scroll of enchant armour {unknown}
 t - a scroll of teleportation {unknown}
Potions
 g - a potion of flight {unknown}
 j - a potion of beneficial mutation {unknown}
 s - 2 potions of degeneration {unknown}
Comestibles
 f - 4 bread rations
 q - 2 meat rations
 r - 2 fruits


   Skills:
 + Level 6.5 Fighting
 * Level 3.7 Long Blades
 + Level 6.5 Armour
 + Level 3.5 Shields


You had 7 spell levels left.
You didn't know any spells.

Dungeon Overview and Level Annotations

Branches:
Dungeon (4/15)
 Temple: D:4-7

Altars:
Qazlal
The Shining One

Annotations:
D:2 exclusion: downstairs
D:4 Edmund


Message History

Edmund barely misses you.
You hit Edmund.
Edmund is moderately wounded.
Edmund hits you but does no damage.
You hit Edmund but do no damage.
Edmund is moderately wounded.
Edmund asks, "Have you met my wondrous brother?"
Edmund hits you with a flail of protection.
Damage: -2%(-1hp) hp: 74%(48hp)
You hit Edmund.
Edmund is moderately wounded.
Edmund hits you but does no damage.
You closely miss Edmund.
Edmund is moderately wounded.
Edmund hits you but does no damage.
You hit Edmund.
Edmund is heavily wounded.
Edmund hits you with a flail of protection.
Edmund closely misses you.
Damage: -4%(-3hp) hp: 70%(45hp)
You barely miss Edmund.
Edmund is heavily wounded.
Edmund closely misses you.
You hit Edmund but do no damage.
Edmund is heavily wounded.
You block Edmund's attack.
You closely miss Edmund.
Edmund is heavily wounded.
Edmund hits you but does no damage.
You barely miss Edmund.
Edmund is heavily wounded.
Edmund zaps a wand.
The bolt of acid hits you! The acid corrodes you!
The acid burns!
Huge Dmg: -18%(-12hp) hp: 53%(34hp) Edmund zaps a wand.
The bolt of acid hits you!
* * * LOW HITPOINT WARNING * * *
The acid burns!
* * * LOW HITPOINT WARNING * * *
Huge Dmg: -34%(-22hp) hp: 19%(12hp) Drink which item? (? for menu, Esc to quit)
You feel better.
Edmund gestures with his flail.
That item cannot be evoked!
Press: ? - help, v - describe, . - travel
Here: a ball python The floor.
Edmund zaps a wand.
The bolt of acid hits you!
* * * LOW HITPOINT WARNING * * *
The acid burns!
You die...

.....### #..#.# .....#
##.#.# #############
#...# ........# ##..#
........# #######..#
........# #....###.#
........# #....# #.#
........#######....###.#
.........S@.♂.#.......>#
######.#####[#....#####
#...# #.##.#####
#.#######(.......#
####.#<.(((.....###.###
#.......#.########<...#
#.#######...######.##.#
# #.###.........# ..#
#......##.#


You could see Edmund and a ball python.

Vanquished Creatures
  Sigmund (D:3)
  2 ogres (D:4)
  2 centaurs (D:3 D:4)
  3 orc priests (D:4)
  2 orc wizards (D:4)
  Crazy Yiuf (D:3)
  A giant frog skeleton (D:4)
  Terence (D:2)
  3 worker ants (D:4 D:3)
  The ghost of crawlian the Firebug, a weakling DEFE (D:3)
  Robin (D:2)
  A gnoll (D:4)
  3 adders (D:2)
  A shadow imp (D:4)
  2 oozes (D:2 D:3)
  A worm (D:3)
  2 dart slugs (D:3)
  4 giant geckos (D:1 D:3 D:4)
  7 orcs (D:4)
  7 bats (D:1 D:2 D:3)
  2 giant cockroaches (D:1 D:3)
  14 goblins (D:1 D:2)
  8 hobgoblins (D:1 D:2 D:3)
  9 jackals (D:2 D:3 D:4)
  2 quokkas (D:3)
  4 giant newts (D:2 D:3)
  4 kobolds (D:1 D:3)
  2 rats (D:2 D:3)
91 creatures vanquished.

Vanquished Creatures (others)
  A jackal (D:2)
1 creature vanquished.

Grand Total: 92 creatures vanquished

Notes
Turn   | Place    | Note
--------------------------------------------------------------
     0 | D:1      | l0ser140 the Human Fighter began the quest for the Orb.
     0 | D:1      | Reached XP level 1. HP: 18/18 MP: 1/1
    48 | D:1      | Huge Dmg: 4 Dmg
   140 | D:1      | Found a glowing golden altar of the Shining One.
   496 | D:1      | Reached XP level 2. HP: 24/24 MP: 2/2
  1178 | D:2      | Noticed Terence
  1208 | D:2      | Huge Dmg: 6 Dmg
  1208 | D:2      | Killed Terence
  1208 | D:2      | Reached XP level 3. HP: 13/30 MP: 3/3
  1216 | D:2      | Reached skill level 4 in Armour
  1216 | D:2      | Reached XP level 4. HP: 14/37 MP: 4/4
  1406 | D:2      | Found a faded altar to an unknown god.
  1571 | D:2      | Found a stormy altar of Qazlal.
  1791 | D:2      | Reached skill level 4 in Fighting
  1895 | D:2      | Noticed Robin
  1979 | D:2      | Killed Robin
  2254 | D:2      | Reached XP level 5. HP: 25/42 MP: 5/5
  2567 | D:3      | Noticed a centaur
  2571 | D:4      | Noticed an ogre
  2575 | D:3      | Huge Dmg: 10 Dmg
  2714 | D:3      | Noticed crawlian's ghost (weakling DEFE)
  2726 | D:3      | Killed crawlian's ghost
  2762 | D:3      | Huge Dmg: 5 Dmg
  2762 | D:3      | Killed a centaur
  2762 | D:3      | Reached XP level 6. HP: 15/50 MP: 6/6
  2834 | D:3      | Huge Dmg: 4 Dmg
  3114 | D:3      | Reached skill level 5 in Fighting
  3180 | D:3      | Noticed Sigmund
  3256 | D:3      | Reached skill level 5 in Armour
  3319 | D:4      | Noticed Edmund
  3372 | D:4      | Killed an ogre
  3404 | D:4      | Huge Dmg: 23 Dmg
  3649 | D:3      | Reached XP level 7. HP: 54/56 MP: 7/7
  3668 | D:4      | Huge Dmg: 5 Dmg
  4061 | D:3      | Noticed Crazy Yiuf
  4072 | D:3      | Huge Dmg: 23 Dmg
  4077 | D:3      | Killed Crazy Yiuf
  4383 | D:3      | Killed Sigmund
  4383 | D:3      | Reached skill level 6 in Fighting
  4383 | D:3      | Reached skill level 6 in Armour
  4624 | D:4      | Huge Dmg: 13 Dmg
  4631 | D:4      | Reached XP level 8. HP: 49/64 MP: 8/8
  4673 | D:4      | Huge Dmg: 21 Dmg
  4674 | D:4      | Reached skill level 3 in Long Blades
  5204 | D:4      | Huge Dmg: 17 Dmg
  5216 | D:4      | Huge Dmg: 12 Dmg
  5221 | D:4      | Huge Dmg: 22 Dmg
  5226 | D:4      | HP: 2/65 [Edmund/wand of acid (16)]
  5226 | D:4      | Splashed by Edmund's acid

Skill      XL: |  1  2  3  4  5  6  7  8 |
---------------+-------------------------+-----
Armour         | 4 5 6 |  6.5
Fighting       | 4 5 6 |  6.5
Long Blades    | 3 |  3.7
Shields        | |  3.5

Action                   |  1- 3 |  4- 6 |  7- 9 || total
-------------------------+-------+-------+-------++-------
Melee: Long sword        |    68 |   187 |   151 ||   406
Throw: Stone             |       |       |     2 ||     2
       Tomahawk          |       |       |     5 ||     5
  Use: Scroll            |       |     3 |       ||     3
       Potion            |       |     1 |     5 ||     6
 Stab: Invisible         |       |       |     1 ||     1
  Eat: Chunk             |       |     9 |     6 ||    15
Armor: Scale mail        |    32 |   104 |   100 ||   236
       Skin              |       |     1 |       ||     1
Dodge: Dodged            |    18 |    73 |    58 ||   149
Block: Shield            |    36 |   100 |    92 ||   228

Vault maps used:
D:1:      lightli_arrival_farm, minmay_misc_feat_tower, tso_metal_star
D:2:      grunt_qazlal_clouds, ecumenical_altar_2, first_bread,
          lemuel_old_faithful, uniq_robin, uniq_terence
D:3:      uniq_crazy_yiuf_cottage, uniq_sigmund
D:4:      uniq_edmund
